 Dungeon Crawl Stone Soup version 0.29.1-15-g9cfb28693d (webtiles) character file.

Game seed: 14334092045100148953

37 suddenkill21 the Trooper (level 3, -4/24 HPs)
             Began as a Gargoyle Fighter on Apr 18, 2023.
             Slain by a gnoll
             ... wielding a +0 spear
              (5 damage)
             ... on level 2 of the Dungeon on Apr 19, 2023.
             The game lasted 00:07:08 (1431 turns).

suddenkill21 the Trooper (Gargoyle Fighter)         Turns: 1431, Time: 00:07:11

Health: -4/24      AC: 10    Str: 21    XL:     3   Next: 41%
Magic:  3/3        EV:  9    Int:  8    God:
Gold:   45         SH:  4    Dex:  9    Spells: 2/2 levels left

rFire   . . .      SeeInvis .   a - +0 war axe
rCold   . . .      Faith    .   c - +0 buckler
rNeg    + . .      Spirit   .   b - +0 scale mail
rPois   ∞          Reflect  .   (no helmet)
rElec   +          Harm     .   (no cloak)
rCorr   .          Rampage  .   (no gloves)
Will    .....                   (no boots)
Stlth   ..........              (no amulet)
HPRegen 0.08/turn               (no ring)
MPRegen 0.08/turn               (no ring)

@: no status effects
A: sickness immunity, AC +3, negative energy resistance 1, electricity
resistance, torment resistance 1, petrification resistance
a: no special abilities


You were on level 2 of the Dungeon.
You visited 1 branch of the dungeon, and saw 2 of its levels.

You collected 45 gold pieces.

Inventory:

Hand Weapons
 a - a +0 war axe (weapon)
Armour
 b - a +0 scale mail (worn)
 c - a +0 buckler (worn)
Jewellery
 k - a +6 ring of intelligence
Scrolls
 f - a scroll of acquirement
 g - a scroll of identify
 h - a scroll of blinking {unknown}
 j - a scroll of teleportation {unknown}
 l - a scroll of amnesia {unknown}
 m - a scroll of fear {unknown}
Potions
 d - 2 potions of might
 e - a potion of invisibility {unknown}
 i - a potion of degeneration {unknown}


   Skills:
 + Level 3.8 Fighting
 + Level 2.3 Axes
 + Level 3.6 Armour
 + Level 0.1 Dodging
 + Level 0.3 Stealth
 + Level 3.5 Shields


You had 2 spell levels left.
You didn't know any spells.
Your spell library contained the following spells:

 Spells                   Type           Power      Damage    Failure   Level
 Conjure Flame            Conj/Fire      0%         6-21      99%         3
 Inner Flame              Hex/Fire       0%         N/A       99%         3
 Summon Forest            Summ/Tloc      0%         N/A       100%        5
 Haunt                    Necr/Summ      0%         N/A       100%        7


Dungeon Overview and Level Annotations

Branches:
Dungeon (2/15)

Altars:

Annotations:
D:2 Sigmund


Innate Abilities, Weirdness & Mutations

You are immune to sickness and miasma.
Your stone body is resilient. (AC +3)
You are immune to poison.
You resist negative energy. (rN+)
You are resistant to electric shocks. (rElec)
You are resistant to unholy torment.
You are immune to petrification.


Message History

You see here a scroll labelled WIEWKA UCIEDIA.
m - a scroll labelled WIEWKA UCIEDIA The gnoll shouts!
As you read the scroll labelled QOSHRU PODEZEDD, it crumbles to dust.
It is a scroll of identify.
f - a scroll of acquirement Sigmund casts a spell.
Sigmund flickers and vanishes!
Deactivating autopickup; reactivate with Ctrl-A.
You block the gnoll's attack.
You hit the gnoll.
The gnoll is lightly wounded.
The gnoll hits you from afar with a +0 spear.
The gnoll barely misses you. The gnoll hits you with a +0 spear!
The gnoll closely misses you. You block the gnoll's attack.
The gnoll hits you but does no damage. x2
Something hits you but does no damage.
Found a club.
The gnoll hits you but does no damage. The gnoll closely misses you.
You block the gnoll's attack.
You miss something.
You hit the gnoll. x2; You slash the gnoll!
Something hits you.
The gnoll hits you from afar with a +0 spear.
* * * LOW HITPOINT WARNING * * *
The gnoll hits you but does no damage. You block the gnoll's attack.
The gnoll closely misses you.
You hit something. You barely miss the gnoll. You slash the gnoll!
You hit the gnoll. Something hits you but does no damage.
The gnoll completely misses you. You block the gnoll's attack. x2
The gnoll completely misses you. The gnoll barely misses you.
The gnoll hits you from afar with a +0 spear.
* * * LOW HITPOINT WARNING * * *
The gnoll hits you but does no damage. You block the gnoll's attack.
You miss something. You hit the gnoll but do no damage.
You closely miss the gnoll. You hit the gnoll.
You kill the gnoll!
You block something's attack. The gnoll barely misses you.
The gnoll hits you with a +0 spear.
* * * LOW HITPOINT WARNING * * *
The gnoll hits you with a +0 spear.
You die...

........###.#. #
............. #..
.#.......... # #..
.........#.# .# #.##
#.........#..# #..####
#............. #.....
#....{)....).# #...#
.#....#@.# #...#
..#.#..g.g# #...###.#
#.#..#.g#
........###.#<.#..#
............#..#..#
###.#######.#..#..# #
#.#######.#..##.# ##
###.........#..#..#...
............#..#.##.####


You could see 3 gnolls.

Vanquished Creatures
  A gnoll (D:2)
  A dart slug (D:1)
  3 bats (D:1)
  3 endoplasms
  A giant cockroach (D:1)
  3 goblins (D:1)
  A hobgoblin (D:1)
  2 jackals (D:1)
  4 ball pythons
  3 frilled lizards (D:1)
  8 kobolds (D:1)
  3 rats (D:1)
33 creatures vanquished.

Vanquished Creatures (others)
  12 plants (D:1)
12 creatures vanquished.

Grand Total: 45 creatures vanquished

Notes
Turn   | Place    | Note
-------+----------+-------------------------------------------
     0 | D:1      | suddenkill21 the Gargoyle Fighter began the quest for the
                  | Orb.
     0 | D:1      | Reached XP level 1. HP: 14/14 MP: 1/1
   219 | D:1      | Reached XP level 2. HP: 20/20 MP: 2/2
   555 | D:1      | Got the Compendium of Generative Heat
   712 | D:1      | Reached XP level 3. HP: 21/24 MP: 3/3
   885 | D:1      | Found a faded altar of an unknown god.
  1422 | D:2      | Noticed Sigmund
  1424 | D:2      | Identified a scroll of acquirement
  1431 | D:2      | HP: 1/24 [gnoll/+0 spear (2)]
  1431 | D:2      | Slain by a gnoll

Illustrated notes

Levels and vault maps discovered:
D:1:      lemuel_arrival_behind_the_door_large, layout_basic,
          chequers_ecumenical_altar_twisty, lexackson_kobold_supper
D:2:      cheibrodos_greedy_goblins, layout_basic, chequers_arboretum,
          kennysheep_generic_room_6, uniq_sigmund

Skill      XL: |  1  2 |
---------------+-------+-----
Axes           | 2 |  2.3
Fighting       | |  3.8
Armour         | |  3.6
Dodging        | |  0.1
Stealth        | |  0.3
Shields        | |  3.5

Action                   || total
-------------------------++-------
Melee: War axe           ||   110
  Use: Scroll            ||     1
Armor: Scale mail        ||    71
Dodge: Dodged            ||    78
Block: Buckler           ||    40
